 Dungeon Crawl Stone Soup version 0.26-a0-631-ged93497179 (webtiles) character file.

Game seed: 5370347415476976809

171 Colgate the Insei (level 5, 0/33 HPs)
             Began as an Octopode Transmuter on Sept 13, 2020.
             Was a Follower of Cheibriados.
             Slain by a worker ant (7 damage)
             ... on level 5 of the Dungeon.
             The game lasted 00:24:46 (3403 turns).

Colgate the Insei (Octopode Transmuter)             Turns: 3403, Time: 00:24:47

Health: 0/33       AC:  1    Str: 12    XL:     5   Next: 51%
Magic:  5/8        EV: 14    Int: 19    God:    Cheibriados [*.....]
Gold:   162        SH:  0    Dex: 16    Spells: 5/8 levels left

rFire    . . .     SeeInvis .     - Unarmed
rCold    . . .     Faith    .   (no shield)
rNeg     . . .     Spirit   .   (helmet currently unavailable)
rPois    .         Reflect  .   e - amulet of regeneration
rElec    .         Harm     .   (no ring)
rCorr    .         Rampage  .   (no ring)
MR       .....                  (no ring)
Stlth    +++.......             (no ring)
HPRegen  0.51/turn              (no ring)
MPRegen  0.11/turn              (no ring)
                                (no ring)
                                (no ring)

@: lethally poisoned (0 -> -2), appendages (expiring), wereblooded, very slow
A: almost no armour, stealthy swim, amphibious, 8 rings, constrict 8, tentacle
spike 3, camouflage 1, gelatinous body 1
a: End Transformation, Bend Time, Renounce Religion


You were on level 5 of the Dungeon.
You worshipped Cheibriados.
Cheibriados was aware of your devotion.
One of your tentacles had a temporary spike.
You visited 1 branch of the dungeon, and saw 5 of its levels.

You collected 162 gold pieces.

Inventory:

Missiles
 a - 108 stones (quivered)
 g - 19 bolts
 h - 68 sling bullets
 m - 14 arrows
Jewellery
 e - an amulet of regeneration (around mantle)
Wands
 o - a wand of random effects (37)
Scrolls
 b - 2 scrolls of magic mapping {unknown}
 d - 3 scrolls of identify {unknown}
 k - 2 scrolls of immolation {unknown}
 l - a scroll of teleportation {unknown}
 n - a scroll of blinking {unknown}
 s - a scroll of fear {unknown}
Potions
 c - 2 potions of heal wounds {unknown}
 f - 3 potions of degeneration {unknown}
 i - a potion of haste {unknown}
 j - a potion of resistance {unknown}
 p - a potion of experience {unknown}
 q - a potion of brilliance {unknown}
 r - a potion of cancellation {unknown}
 t - 2 potions of curing {unknown}
 u - a potion of magic {unknown}
 v - a potion of stabbing {unknown}


   Skills:
 - Level 1.0 Fighting
 - Level 2.0 Dodging
 - Level 3.0 Stealth
 + Level 5.5 Unarmed Combat
 - Level 2.0 Spellcasting
 - Level 2.0 Transmutations


You had 5 spell levels left.
You knew the following spells:

 Your Spells              Type           Power        Failure   Level
a - Beastly Appendage     Tmut           #.....       8%          1
b - Wereblood             Tmut           #.......     11%         2

Your spell library contained the following spells:

 Spells                   Type           Power        Failure   Level
 Spider Form              Tmut/Pois      #.........   32%         3
 Confusing Touch          Hex            #.......     45%         3
 Gell's Gravitas          Tloc           #.........   45%         3
 Ice Form                 Ice/Tmut       #.......     73%         4
 Petrify                  Tmut/Erth      #.......     73%         4
 Blade Hands              Tmut           #.........   90%         5
 Yara's Violent Unravell  Hex/Tmut       #.........   97%         5
 Metabolic Englaciation   Hex/Ice        #.........   99%         5


Dungeon Overview and Level Annotations

Branches:
Dungeon (5/15)
 Temple: D:4-7

Altars:
Cheibriados

Annotations:
D:3 exclusion: phantom
D:4 1 runed translucent door, Askman's ghost, amateur DsWn


Innate Abilities, Weirdness & Mutations

You cannot wear most types of armour.
You are very stealthy in the water. (Stealth+)
You are amphibious.
You can wear up to eight rings at the same time.
You can use your tentacles to constrict eight enemies at once.
Your skin changes colour to match your surroundings (Stealth+).
Your rubbery body absorbs attacks. (AC +1, EV +1)
One of your tentacles bears a large vicious spike.


Message History

The orc wizard casts a spell.
The orc wizard seems to speed up.
The orc closely misses you.
The worker ant twitches its antennae in your direction.
You tentacle-slap the orc. Your grab misses the orc.
The orc is heavily wounded.
You howl as the wereblood boils in your veins!
You constrict the worker ant. The worker ant bites you.
* * * LOW HITPOINT WARNING * * *
You are more poisoned.
The worker ant poisons you! The orc closely misses you.
You closely miss the orc. You grab the orc.
You pierce the orc.
You kill the orc!
Cheibriados appreciates the change of pace.
You constrict the worker ant.
You feel sick. The worker ant misses you. The orc barely misses you.
The worker ant closely misses you.
You bludgeon the orc!
You kill the orc!
Cheibriados appreciates the change of pace.
You constrict the worker ant.
You feel sick. The worker ant bites you!
You die...

#. . #.
..###.#####
....#.....##
..........<##
............#
......).....#
...a..a@..<.#
...o..).....#
.?.........?#
|...........#
...........##
....#.....##
..##..#####
#. ♣≈♣


You could see 2 worker ants and an orc wizard (fast).

Vanquished Creatures
  A bullfrog skeleton (D:4)
  Ijyb (D:3)
  4 adders
  2 worms
  2 dart slugs (D:1)
  3 leopard geckos
  8 orcs
  A ball python (D:3)
  4 bats
  A giant cockroach (D:3)
  2 hobgoblins (D:1)
  6 jackals
  3 kobolds
  15 frilled lizards
  5 goblins
  A leopard gecko skeleton (D:4)
  5 rats
64 creatures vanquished.

Notes
Turn   | Place    | Note
-------+----------+-------------------------------------------
     0 | D:1      | Colgate the Octopode Transmuter began the quest for the
                  | Orb.
     0 | D:1      | Reached XP level 1. HP: 13/13 MP: 3/3
   116 | D:1      | Reached XP level 2. HP: 11/18 MP: 3/5
   120 | D:1      | Learned a level 2 spell: Wereblood
   802 | D:1      | Reached skill level 4 in Unarmed Combat
   851 | D:2      | Reached skill level 1 in Stealth
   851 | D:2      | Reached XP level 3. HP: 17/23 MP: 3/6
  1490 | D:3      | Noticed a phantom
  1554 | D:3      | Reached XP level 4. HP: 28/28 MP: 4/7
  1752 | D:3      | Noticed Ijyb
  1760 | D:3      | Killed Ijyb
  2299 | D:3      | Found a faded altar of an unknown god.
  2305 | D:3      | Became a worshipper of Cheibriados the Contemplative
  2305 | D:3      | Reached * piety under Cheibriados
  2683 | D:4      | Noticed Askman's ghost (amateur DsWn)
  2686 | D:4      | Found a runed translucent door.
  2705 | D:4      | Reached skill level 5 in Unarmed Combat
  2708 | D:4      | Reached XP level 5. HP: 21/33 MP: 4/8
  3392 | D:5      | Entered Level 5 of the Dungeon
  3403 | D:5      | Slain by a worker ant

Illustrated notes

Levels and vault maps discovered:
D:1:      minmay_arrival_five_plusses, layout_loops_ring
D:2:      layout_rooms, minmay_lizard_pond
D:3:      layout_basic, chequers_ecumenical_altar_simple_redux,
          serial_co_window_serial, co_window_corner_a, co_window_paths_b,
          co_window_corner_a, co_window_paths_b, co_window_corner_a,
          co_window_corner_a, co_window_of_opportunity_a, co_window_corner_a,
          co_window_of_opportunity_a, co_window_corner_b,
          co_window_unsneaky_path_a, co_window_broadway_c, glass_columns_c,
          glass_columns_b, glass_columns_a, glass_columns_a, glass_columns_a,
          uniq_ijyb
D:4:      layout_basic, hellmonk_ghost_happy_afterlife
D:5:      layout_rooms, serial_bayou_pond_e

Skill      XL: |  1  2  3  4 |
---------------+-------------+-----
Unarmed Combat | 4 5 |  5.5
Stealth        | 1 3 |  3.0
Fighting       | |  1.0
Dodging        | |  2.0
Spellcasting   | |  2.0
Transmutations | |  2.0

Action                   |  1- 3 |  4- 6 || total
-------------------------+-------+-------++-------
Melee: Unarmed           |    30 |    24 ||    54
       Constrict         |    15 |    14 ||    29
       Tentacles         |    12 |     8 ||    20
       Kick              |     4 |    13 ||    17
       Lajatang          |    34 |    36 ||    70
       Punch             |     1 |       ||     1
Throw: Stone             |    16 |    23 ||    39
 Cast: Beastly Appendage |    15 |    11 ||    26
       Wereblood         |     5 |     4 ||     9
Invok: Bend Time         |       |     1 ||     1
 Stab: Sleeping          |     6 |     4 ||    10
       Distracted        |       |     1 ||     1
Armor: Skin              |     8 |     1 ||     9
Dodge: Dodged            |    45 |    34 ||    79

Table legend: (Time is in decaauts)
 A = Elapsed time spent in this place.
 B = Non-inter-level travel time spent in this place.
 C = Inter-level travel time spent in this place.
 D = Time resting spent in this place.
 E = Time spent auto-exploring this place.
 F = Levels seen in this place.
 G = Mean time per level.
                   A        B        C        D        E       F      G
               +--------+--------+--------+--------+--------+-----+--------+
         Total |   3797 |   3670 |    127 |      0 |   3198 |   5 |  759.4 |
       Dungeon |   3797 |   3670 |    127 |      0 |   3198 |   5 |  759.4 |
               +--------+--------+--------+--------+--------+-----+--------+

Top non-repeatable levels by time:
     D:3: 1323 daAuts
     D:4: 1028 daAuts
     D:1: 824 daAuts
     D:2: 608 daAuts
     D:5: 11 daAuts
